 Dungeon Crawl Stone Soup version 0.31.0-32-g396128a36d (webtiles) character file.

Game seed: 5058747939361458289

742 safid the Ruffian (level 7, -1/55 HPs)
             Began as a White Draconian Shapeshifter on Mar 21, 2024.
             Slain by Blork the orc
             ... wielding a +2 hand axe of holy wrath
              (2 damage)
             ... on level 5 of the Dungeon.
             The game lasted 00:04:29 (2289 turns).

safid the Ruffian (White Draconian Shapeshifter)    Turns: 2289, Time: 00:04:29

Health: -1/55      AC:  6    Str: 18    XL:     7   Next: 47%
Magic:  7/7        EV: 12    Int: 10    God:
Gold:   146        SH:  0    Dex: 11    Spells: 6/6 levels left

rFire   . .          .
                       - Unarmed
rCold   + . .        (no shield)
rNeg    . . .        (body armour unavailable)
rPois   .            (helmet currently unavailable)
rElec   .            (cloak currently unavailable)
rCorr   .            (gloves currently unavailable)
SInv    +            (boots currently unavailable)
Will    .....        (no amulet)
Stlth   +            l - ring of see invisible
HPRegen 0.29/turn    (no ring)
MPRegen 0.10/turn

%: no passive effects
@: lethally poisoned (-1 -> -2), beast-form
A: beast (slay +3), breathe frost, AC +6, unfitting armour, cold resistance 1,
cold-blooded
a: Breathe Frost, Begin Untransformation


You were on level 5 of the Dungeon.
You were a hulking beast.
You visited 1 branch of the dungeon, and saw 4 of its levels.

You collected 146 gold pieces.

Inventory:

Jewellery
 l - a ring of see invisible (left hand)
Talismans
 b - a beast talisman
 c - a flux talisman
Wands
 g - a wand of polymorph (12)
 m - a wand of roots (8)
Scrolls
 a - a scroll of fog {unknown}
 d - a scroll of summoning {unknown}
 e - a scroll of amnesia
 f - a scroll of immolation {unknown}
 h - a scroll of fear {unknown}
 i - a scroll of revelation {unknown}
 k - a scroll of poison {unknown}
 n - a scroll of identify {unknown}
 p - a scroll of brand weapon {unknown}
 q - 2 scrolls of teleportation {unknown}


   Skills:
 + Level 2.1 Fighting
 - Level 2.0 Dodging
 + Level 7.1 Unarmed Combat
 * Level 5.2 Shapeshifting


You had 6 spell levels left.
You didn't know any spells.
Your spell library contained the following spells:

 Spells                   Type           Power      Damage    Failure   Level
 Sublimation of Blood     Necr           0%         N/A       50%         2
 Petrify                  Alch/Erth      0%         N/A       98%         4
 Irradiate                Conj/Alch      0%         3d11      100%        5


Dungeon Overview and Level Annotations

Branches:
Dungeon (3/15)

Altars:
Qazlal

Annotations:
D:5 Blork the orc


Innate Abilities, Weirdness & Mutations

You are a hulking beast.
Your limbs bulge with bestial killing power. (Slay +3)
You can breathe waves of freezing cold which knock back foes.
Your icy white scales are hard. (AC +6)
You cannot fit into any form of body armour.
Your flesh is cold resistant. (rC+)
You are cold-blooded and may be slowed by cold attacks.


Message History

You hit the water moccasin.
You kill the water moccasin!
You feel sick.
Blork the orc hits you with a +2 hand axe of holy wrath. x2
Your Unarmed Combat skill increases to level 7!
You are too injured to fight recklessly!
You are too injured to fight recklessly!
You are too injured to fight recklessly!
You closely miss Blork the orc.
You feel sick. Blork the orc closely misses you.
You punch Blork the orc!
Blork the orc is moderately wounded.
You feel sick. Blork the orc closely misses you.
You punch Blork the orc!
Blork the orc is heavily wounded.
You feel sick.
Blork the orc looks satisfied for a moment.
You barely miss Blork the orc. You tail-slap Blork the orc.
Blork the orc is severely wounded.
You feel sick.
Blork the orc points at you and mumbles some strange words.
The puff of flame hits you.
* * * LOW HITPOINT WARNING * * *
Blork the orc hits you with a +2 hand axe of holy wrath.
* * * LOW HITPOINT WARNING * * *
You hit Blork the orc.
Blork the orc is severely wounded.
You feel sick.
Blork the orc screams, "I'll break your legs!"
Blork the orc hits you with a +2 hand axe of holy wrath!
* * * LOW HITPOINT WARNING * * *
Unknown command.
You aren't carrying any potions.
As you read the scroll labelled UCEHOASHR VANO, it crumbles to dust.
It is a scroll of amnesia.
You feel forgetful for a moment.
* * * LOW HITPOINT WARNING * * *
You feel sick.
Blork the orc hits you with a +2 hand axe of holy wrath.
You die...

.......# #.####.######
............#
#.###..####.#
..........#.#
.###.#.#.##.############
...#.#<#.##.#..........#
# #.#.#.##.'..........#
+ #.....####...h†.....#
# ###.### #.....o.....#
# #.# #........$..# #
#.# #...........# ###
#.# #...........# '.#
#.# ##..........# #.#
#.# #....?.....#
#†####.# ###.########
#.†.##.#####


You could see Blork the orc (fast).

Vanquished Creatures
  2 water moccasins (D:5)
  A sky beast (D:3)
  A black bear (D:5)
  A scorpion (D:5)
  A jelly (D:5)
  2 hounds (D:5)
  An orc priest (D:3)
  An iguana (D:5)
  An orc wizard (D:5)
  3 gnolls (D:2)
  4 adders
  A ribbon worm (D:2)
  4 dart slugs
  6 orcs
  2 ball pythons
  3 bats
  5 endoplasms
  A giant cockroach (D:2)
  3 goblins (D:1)
  4 hobgoblins
  3 jackals (D:3)
  4 quokkas
  3 frilled lizards
  2 kobolds (D:3)
  2 rats
61 creatures vanquished.

Notes
Turn   | Place    | Note
-------+----------+-------------------------------------------
     0 | D:1      | safid the Draconian Shapeshifter began the quest for the
                  | Orb.
     0 | D:1      | Reached XP level 1. HP: 16/16 MP: 1/1
    82 | D:1      | Reached XP level 2. HP: 22/23 MP: 2/2
   370 | D:1      | Found a faded altar of an unknown god.
   564 | D:2      | Reached XP level 3. HP: 21/28 MP: 3/3
   964 | D:2      | Reached XP level 4. HP: 29/35 MP: 4/4
  1338 | D:3      | Reached skill level 4 in Unarmed Combat
  1435 | D:3      | Noticed a sky beast
  1449 | D:3      | Killed a sky beast
  1450 | D:3      | Reached skill level 5 in Unarmed Combat
  1450 | D:3      | Reached XP level 5. HP: 27/40 MP: 5/5
  1522 | D:3      | Found a stormy altar of Qazlal.
  1613 | D:3      | You fall into a shaft and drop 2 floors!
  1613 | D:5      | Entered Level 5 of the Dungeon
  1657 | D:5      | Noticed a black bear
  1666 | D:5      | Killed a black bear
  1667 | D:5      | Reached XP level 6. HP: 40/47 MP: 6/6
  1729 | D:5      | Noticed a water moccasin
  1746 | D:5      | Killed a water moccasin
  1747 | D:5      | Reached skill level 6 in Unarmed Combat
  1748 | D:5      | HP: 3/72 [poisoned by an adder]
  1750 | D:5      | HP: 1/72 [poisoned by an adder]
  1981 | D:5      | Reached skill level 5 in Shapeshifting
  1981 | D:5      | Your scales start taking on an icy white colour.
  1981 | D:5      | Reached XP level 7. HP: 42/53 MP: 7/7
  1981 | D:5      | Gained mutation: Your flesh is cold resistant. (rC+) [White
                  | Draconian growth]
  2273 | D:5      | Noticed Blork the orc
  2284 | D:5      | Reached skill level 7 in Unarmed Combat
  2288 | D:5      | HP: 2/55 [Blork the orc/+2 hand axe of holy wrath (7)]
  2289 | D:5      | Slain by Blork the orc

Illustrated notes

Levels and vault maps discovered:
D:1:      dpeg_arrival_rooms_a, layout_rooms,
          shapermc_ecumenical_altar_hornbeckon
D:2:      layout_basic, minmay_misc_feat_cross, hangedman_decor_push,
          kennysheep_cluttered_room
D:3:      layout_rooms, nicolae_qazlal_beasts_of_the_sky,
          mainiacjoe_overflow_alcove_1
D:5:      layout_basic, mainiacjoe_overflow_cross_hatched,
          nicolae_figureground_pulse, uniq_blork_the_orc

Skill      XL: |  1  2  3  4  5  6  7 |
---------------+----------------------+-----
Dodging        | 2 |  2.0
Shapeshifting  | 4 5 |  5.2
Unarmed Combat | 5 6 7 |  7.1
Fighting       | 2 |  2.1

Action                     |  1- 3 |  4- 6 |  7- 9 || total
---------------------------+-------+-------+-------++-------
  Melee: Unarmed           |    73 |    99 |    38 ||   210
         Tailslap          |     6 |    11 |     6 ||    23
         Punch             |       |     3 |     1 ||     4
    Use: Potion            |       |     5 |       ||     5
         Scroll            |       |       |     1 ||     1
   Stab: Sleeping          |     1 |       |       ||     1
 Armour: Skin              |    33 |    76 |    33 ||   142
  Dodge: Dodged            |    31 |    58 |    21 ||   110
